[Event "Titled Tuesday Blitz March 22 Late 2022"]
[White "Babazada, Khazar"]
[Black "Tregubov, Pavel V."]
[WhiteFideId "13413554"]
[BlackFideId "4115341"]
[WhiteElo "2418"]
[BlackElo "2341"]
[Result "0-1"]
[Round "02"]
[TimeControl "180+1"]
[Date "2022.03.22"]
[WhiteClock "0:00:04"]
[BlackClock "0:00:11"]

1. Nf3 Nf6 2. g3 c5 3. Bg2 Nc6 4. O-O e5 5. d3 d5 6. Nc3 d4 7. Nb1 Be7 8. e4 O-O 9. Nbd2 Be6 10. Nc4 Nd7 11. a4 a6 12. a5 Bxc4 13. dxc4 Nxa5 14. b3 b5 15. cxb5 axb5 16. Bd2 Nc6 17. Qe2 Qb6 18. h4 Nf6 19. Bh3 Qb7 20. g4 Qd7 21. Kg2 Qb7 22. h5 Rxa1 23. Rxa1 Ne8 24. g5 Nd6 25. Re1 c4 26. Nh4 Rd8 27. Qg4 d3 28. g6 Bxh4 29. Qxh4 dxc2 30. Bg5 f6 31. Bxf6 gxf6 32. Be6+ Kh8 33. Rc1 Qg7 34. Kh1 Nd4 35. Rg1 Nxe6 36. h6 Qe7 37. g7+ Kg8 38. Qg4 Nf4 39. b4 Qf7 0-1


[Site "https://www.chess.com"]

[Event "Titled Tuesday Blitz March 22 Late 2022"]
[White "Baches Garcia, Guillermo"]
[Black "Rudykh, Stepan"]
[WhiteFideId "2209764"]
[BlackFideId "4180321"]
[WhiteElo "2468"]
[BlackElo "2145"]
[Result "1-0"]
[Round "02"]
[TimeControl "180+1"]
[Date "2022.03.22"]
[WhiteClock "0:02:07"]
[BlackClock "0:01:28"]

1. e4 e6 2. Nf3 d5 3. exd5 exd5 4. d4 Nf6 5. Bd3 c5 6. O-O c4 7. Re1+ Be7 8. Bf1 O-O 9. Nc3 Nc6 10. Bg5 Bg4 11. h3 Bh5 12. g4 Bg6 13. Ne5 Re8 14. Bg2 Qb6 15. Bxf6 gxf6 16. Nxd5 Qxb2 17. Nxc6 bxc6 18. Nxe7+ Rxe7 19. Rxe7 Qxd4 20. Qxd4 1-0


[Site "https://www.chess.com"]

[Event "Titled Tuesday Blitz March 22 Late 2022"]
[White "Bachmann, Axel"]
[Black "Elissalt Cardenas, Hector"]
[WhiteFideId "3700488"]
[BlackFideId "3500632"]
[WhiteElo "2587"]
[BlackElo "2159"]
[Result "0-1"]
[Round "02"]
[TimeControl "180+1"]
[Date "2022.03.22"]
[WhiteClock "0:00:02"]
[BlackClock "0:00:25"]

1. d4 d5 2. Nf3 e6 3. c4 Nf6 4. g3 c6 5. Bg2 dxc4 6. Ne5 Bb4+ 7. Bd2 Be7 8. e3 O-O 9. O-O Nbd7 10. Nxc4 Rb8 11. Qe2 c5 12. Nc3 b6 13. Rfd1 Ba6 14. a4 Bb7 15. Bxb7 Rxb7 16. Qf3 Qb8 17. Nb5 a6 18. Nbd6 Ra7 19. Ne4 Nxe4 20. Qxe4 cxd4 21. exd4 Nf6 22. Qf3 Nd5 23. h4 Rc8 24. Ne5 Bf6 25. Bf4 Nxf4 26. Qxf4 Bxe5 27. dxe5 Rac7 28. Rd6 Rc4 29. Qe3 b5 30. axb5 axb5 31. Rad1 h6 32. Kh2 Qa8 33. Kg1 Rc2 34. Qd3 b4 35. b3 R2c3 36. Qd4 h5 37. Rd7 Rc1 38. Qf4 Rxd1+ 39. Rxd1 Qb7 40. Kh2 g6 41. Qd4 Rf8 42. Rd3 Rc8 0-1


[Site "https://www.chess.com"]

[Event "Titled Tuesday Blitz March 22 Late 2022"]
[White "Barp, Alberto"]
[Black "Jobava, Baadur"]
[WhiteFideId "872555"]
[BlackFideId "13601520"]
[WhiteElo "2229"]
[BlackElo "2617"]
[Result "0-1"]
[Round "02"]
[TimeControl "180+1"]
[Date "2022.03.22"]
[WhiteClock "0:00:40"]
[BlackClock "0:02:16"]

1. d4 c6 2. c4 d5 3. cxd5 cxd5 4. Bf4 Nc6 5. e3 f6 6. Nc3 e6 7. Bd3 Bd7 8. Rc1 Bb4 9. Qh5+ Kf8 10. a3 Bxc3+ 11. Rxc3 Nge7 12. Nf3 Be8 13. Qh3 Qd7 14. O-O Bg6 15. Bxg6 Nxg6 16. Bg3 Kf7 17. Rfc1 Rac8 18. b4 a6 19. Nd2 h5 20. f3 h4 21. Bf2 Nce7 22. Nb3 b6 23. Be1 Rxc3 24. Rxc3 Rc8 25. g4 hxg3 26. hxg3 Rxc3 27. Bxc3 Qa4 28. Nd2 Qc2 0-1


[Site "https://www.chess.com"]

[Event "Titled Tuesday Blitz March 22 Late 2022"]
[White "Bashirli, Nail"]
[Black "Kollars, Dmitrij"]
[WhiteFideId "13406809"]
[BlackFideId "12909572"]
[WhiteElo "2333"]
[BlackElo "2584"]
[Result "0-1"]
[Round "02"]
[TimeControl "180+1"]
[Date "2022.03.22"]
[WhiteClock "0:00:10"]
[BlackClock "0:00:31"]

1. e4 c5 2. Nc3 Nc6 3. Nf3 d6 4. d4 cxd4 5. Nxd4 Nf6 6. Bg5 e6 7. Qd2 a6 8. O-O-O Bd7 9. f4 h6 10. Bxf6 Qxf6 11. Nf3 Qd8 12. Bd3 Be7 13. Kb1 Qc7 14. Rhe1 O-O-O 15. Nd5 exd5 16. exd5 Bf6 17. dxc6 Bxc6 18. Be4 d5 19. Bf5+ Kb8 20. c3 g6 21. Bc2 g5 22. Nd4 Bd7 23. fxg5 hxg5 24. Qf2 Rh6 25. h3 g4 26. Nf5 Bxf5 27. Qxf5 gxh3 28. gxh3 d4 29. Rd3 dxc3 30. Rxd8+ Bxd8 31. bxc3 Rb6+ 32. Bb3 Ka7 33. Qe5 Qc6 34. Rd1 Bf6 35. Qe3 Bxc3 36. Rd8 Bf6 37. Rf8 Bg7 38. Rg8 Qg6+ 39. Kc1 Bh6 0-1


[Site "https://www.chess.com"]

[Event "Titled Tuesday Blitz March 22 Late 2022"]
[White "Beerdsen, Thomas"]
[Black "Al-Tarboush, Ward"]
[WhiteFideId "1030108"]
[BlackFideId "7601450"]
[WhiteElo "2585"]
[BlackElo "2276"]
[Result "1-0"]
[Round "02"]
[TimeControl "180+1"]
[Date "2022.03.22"]
[WhiteClock "0:01:00"]
[BlackClock "0:00:02"]

1. e4 e6 2. d4 d5 3. Nc3 Nf6 4. Bg5 dxe4 5. Nxe4 Be7 6. Bxf6 gxf6 7. Nf3 f5 8. Nc3 a6 9. g3 b5 10. Bg2 Bb7 11. O-O O-O 12. Qd2 b4 13. Ne2 Nd7 14. Qh6 Bf6 15. Nf4 Bg7 16. Qh3 Nf6 17. Rad1 Be4 18. c4 c6 19. Ne5 Qc7 20. Rfe1 Bxg2 21. Qxg2 c5 22. d5 Ne4 23. Nc6 Rae8 24. Nh5 Bxb2 25. f3 exd5 26. Qxb2 Nc3 27. cxd5 Qd6 28. a3 f6 29. axb4 Nxd1 30. Rxd1 cxb4 31. Qxb4 Qxb4 32. Nxb4 Rd8 33. d6 a5 34. Nd5 Rd7 35. Ndxf6+ 1-0


[Site "https://www.chess.com"]

[Event "Titled Tuesday Blitz March 22 Late 2022"]
[White "Belous, Vladimir"]
[Black "Hambleton, Aman"]
[WhiteFideId "4174003"]
[BlackFideId "2606577"]
[WhiteElo "2534"]
[BlackElo "2552"]
[Result "0-1"]
[Round "02"]
[TimeControl "180+1"]
[Date "2022.03.22"]
[WhiteClock "0:00:12"]
[BlackClock "0:00:04"]

1. c4 c5 2. Nf3 b6 3. g3 Bb7 4. Bg2 e6 5. O-O Nf6 6. Nc3 a6 7. Re1 d6 8. e4 Be7 9. d4 cxd4 10. Nxd4 Qc7 11. Be3 O-O 12. Rc1 Nbd7 13. f4 Rac8 14. Bf2 Rfe8 15. g4 g6 16. b3 e5 17. Nd5 Bxd5 18. exd5 exd4 19. Bxd4 Bf8 20. g5 Rxe1+ 21. Qxe1 Re8 22. Qh4 Nh5 23. f5 Ne5 24. Rf1 h6 25. fxg6 fxg6 26. Be4 hxg5 27. Qxg5 Qe7 28. Qg2 Bg7 29. Bxe5 Qxe5 30. Bxg6 Nf4 31. Qg4 Qe3+ 32. Kh1 Nxg6 33. Qxg6 Qe4+ 34. Qxe4 Rxe4 35. Rf2 b5 36. Rc2 bxc4 37. bxc4 Bd4 38. Kg2 Bc5 39. Kf3 Rh4 40. Kg3 Rd4 41. h3 Kg7 42. Kf3 Kg6 43. Kg3 a5 44. a4 Kg5 45. Kf3 Rd3+ 46. Kg2 Ra3 47. Re2 Rxa4 48. Kf3 Ra3+ 49. Ke4 Rc3 50. h4+ Kxh4 51. Kf5 Rxc4 52. Rd2 a4 53. Rd3 Rb4 54. Rf3 Rd4 55. Ke6 a3 56. Rf2 Ra4 57. Ra2 Kg3 58. Kd7 Kf3 59. Kc6 Ra5 0-1


[Site "https://www.chess.com"]

[Event "Titled Tuesday Blitz March 22 Late 2022"]
[White "Bernal Moro, Luis Javier"]
[Black "Martin Barcelo, Carles"]
[WhiteFideId "2200236"]
[BlackFideId "24561444"]
[WhiteElo "2373"]
[BlackElo "1875"]
[Result "1-0"]
[Round "02"]
[TimeControl "180+1"]
[Date "2022.03.22"]
[WhiteClock "0:01:10"]
[BlackClock "0:00:01"]

1. Nf3 Nf6 2. c4 g6 3. Nc3 Bg7 4. e4 d6 5. d4 O-O 6. Be2 e5 7. O-O Bg4 8. d5 a5 9. Be3 Na6 10. Ne1 Bd7 11. Nd3 b6 12. f3 Nc5 13. Nf2 Nh5 14. g3 Nf6 15. b3 Ne8 16. Qd2 f5 17. exf5 gxf5 18. f4 e4 19. Rae1 Nf6 20. Kh1 Kh8 21. Bd4 Qe7 22. Nfd1 Qf7 23. Ne3 Rae8 24. Rg1 Re7 25. h3 Nh5 26. Rg2 Rg8 27. Reg1 Rf8 28. Rh2 Rg8 29. Ncd1 Bc8 30. Nf2 Bd7 31. Bxh5 Qxh5 32. g4 Qf7 33. gxf5 Bxf5 34. Rxg7 Rxg7 35. Rg2 Bg6 36. f5 Re5 37. Bxe5 dxe5 38. fxg6 Rxg6 39. Nfg4 Qf3 40. Kh2 1-0


[Site "https://www.chess.com"]

[Event "Titled Tuesday Blitz March 22 Late 2022"]
[White "Bibasa, Bob"]
[Black "Rolfe, Warrick"]
[WhiteFideId "10000240"]
[BlackFideId "2603802"]
[WhiteElo "2056"]
[BlackElo "2562"]
[Result "1-0"]
[Round "02"]
[TimeControl "180+1"]
[Date "2022.03.22"]
[WhiteClock "0:00:20"]
[BlackClock "0:00:26"]

1. e4 c5 2. Nf3 Nc6 3. Bb5 g6 4. O-O Bg7 5. Re1 Nh6 6. c3 O-O 7. d4 cxd4 8. cxd4 f6 9. d5 Nb8 10. Nc3 Nf7 11. Bf4 a6 12. Bc4 b5 13. Bb3 e5 14. dxe6 dxe6 15. Qxd8 Rxd8 16. Rad1 Nc6 17. Rxd8+ Ncxd8 18. Rd1 f5 19. exf5 gxf5 20. Ng5 h6 21. Nf3 Bb7 22. Rd7 Bxf3 23. gxf3 Rc8 24. Bc7 Kf8 25. Bd6+ Kg8 26. Be7 Bf8 27. a4 Bxe7 28. Rxe7 bxa4 29. Nxa4 Rc6 30. f4 Kf8 31. Rd7 Ke8 32. Ra7 Nd6 33. Nc3 N6b7 34. Ba4 Kd7 35. Rxa6 Kc7 36. Bxc6 Nxc6 37. Nb5+ Kd7 38. Ra1 Nc5 39. Rd1+ Ke7 40. Rc1 1-0


[Site "https://www.chess.com"]

[Event "Titled Tuesday Blitz March 22 Late 2022"]
[White "Bluebaum, Matthias"]
[Black "Hamitevici, Vladimir"]
[WhiteFideId "24651516"]
[BlackFideId "13902393"]
[WhiteElo "2550"]
[BlackElo "2359"]
[Result "1/2-1/2"]
[Round "02"]
[TimeControl "180+1"]
[Date "2022.03.22"]
[WhiteClock "0:00:19"]
[BlackClock "0:00:19"]

1. b3 b6 2. Bb2 Bb7 3. Nf3 Nf6 4. g3 g6 5. Bg2 Bg7 6. c4 O-O 7. O-O e6 8. d4 d6 9. Nc3 Ne4 10. Qc2 Nxc3 11. Bxc3 Nd7 12. e4 e5 13. Rad1 Qe7 14. Rfe1 h6 15. Qb2 Rfe8 16. Nd2 exd4 17. Bxd4 Bxd4 18. Qxd4 Qe5 19. Qe3 Qg5 20. Qc3 Qe5 21. Qc1 Nf6 22. Nb1 Qg5 23. Nc3 Qxc1 24. Rxc1 a6 25. Nd5 Nxd5 26. cxd5 Re7 27. Rc4 Bxd5 28. Rc3 Rae8 29. Rec1 Bxe4 30. Rxc7 Bxg2 31. Kxg2 Rxc7 32. Rxc7 Re2 33. Rc6 Rxa2 34. Rxb6 d5 35. Kf3 Rb2 36. Ke3 Kg7 37. h4 h5 38. f3 Rg2 39. Kf4 Rb2 40. Ke5 Rg2 41. Kf4 Rb2 42. Ke5 Rg2 43. Kf4 1/2-1/2


[Site "https://www.chess.com"]

[Event "Titled Tuesday Blitz March 22 Late 2022"]
[White "Bok, Benjamin"]
[Black "Papp, Petra"]
[WhiteFideId "1017063"]
[BlackFideId "739049"]
[WhiteElo "2658"]
[BlackElo "2259"]
[Result "1-0"]
[Round "02"]
[TimeControl "180+1"]
[Date "2022.03.22"]
[WhiteClock "0:01:49"]
[BlackClock "0:02:13"]

1. d4 Nf6 2. c4 c5 3. Nf3 cxd4 4. Nxd4 e5 5. Nb5 d5 6. cxd5 Bc5 7. e3 O-O 8. N5c3 Bf5 9. Be2 Nbd7 10. Nd2 e4 11. g4 Bg6 12. g5 Ne8 13. Ndxe4 Bb4 14. Qd4 Rc8 15. Qxb4 Ne5 16. f4 Nd7 1-0


[Site "https://www.chess.com"]

[Event "Titled Tuesday Blitz March 22 Late 2022"]
[White "Boruchovsky, Avital"]
[Black "Jaskolka, Tomasz"]
[WhiteFideId "2800055"]
[BlackFideId "1170791"]
[WhiteElo "2469"]
[BlackElo "2073"]
[Result "1-0"]
[Round "02"]
[TimeControl "180+1"]
[Date "2022.03.22"]
[WhiteClock "0:02:31"]
[BlackClock "0:02:10"]

1. c4 e6 2. Nc3 f5 3. g3 Nf6 4. Bg2 Be7 5. d3 O-O 6. e4 fxe4 7. dxe4 d6 8. Nge2 Nc6 9. O-O e5 10. h3 Be6 11. Nd5 Qd7 12. Kh2 a6 13. Be3 b5 14. Rc1 h6 15. cxb5 axb5 16. Rxc6 1-0


[Site "https://www.chess.com"]

[Event "Titled Tuesday Blitz March 22 Late 2022"]
[White "Boyer, Mahel"]
[Black "Burke, Paul"]
[WhiteFideId "45102422"]
[BlackFideId "2605767"]
[WhiteElo "2328"]
[BlackElo "1916"]
[Result "1-0"]
[Round "02"]
[TimeControl "180+1"]
[Date "2022.03.22"]
[WhiteClock "0:00:52"]
[BlackClock "0:00:15"]

1. Nf3 a6 2. e4 d6 3. d4 g6 4. c4 Nd7 5. Nc3 Bg7 6. Be2 h6 7. O-O e6 8. Qc2 Ne7 9. Rd1 O-O 10. Be3 b6 11. c5 e5 12. dxe5 Nxe5 13. Nxe5 Bxe5 14. cxd6 cxd6 15. Bxh6 Kh7 16. Qd2 Rh8 17. Be3 Kg7 18. f4 Nc6 19. fxe5 Qh4 20. Qxd6 Qxh2+ 21. Kf1 Qh1+ 22. Bg1 Bh3 23. Bf3 Rac8 24. Qf6+ Kg8 25. Nd5 Rh5 26. Rac1 Nxe5 27. Rxc8+ Bxc8 28. Qd8+ Kg7 29. Qf6+ Kh6 30. Ke2 Nxf3 31. Be3+ Kh7 32. Rxh1 Rxh1 33. gxf3 1-0


[Site "https://www.chess.com"]

[Event "Titled Tuesday Blitz March 22 Late 2022"]
[White "Broca Jimenez, Fernando"]
[Black "Pesotskiy, Mikhail"]
[WhiteFideId "5104742"]
[BlackFideId "34164453"]
[WhiteElo "2062"]
[BlackElo "2010"]
[Result "0-1"]
[Round "02"]
[TimeControl "180+1"]
[Date "2022.03.22"]
[WhiteClock "0:00:03"]
[BlackClock "0:01:00"]

1. e4 e6 2. d4 d5 3. Nc3 Nc6 4. e5 f6 5. f4 fxe5 6. dxe5 Nh6 7. Nf3 Be7 8. Bd3 O-O 9. O-O Nb4 10. Be2 c5 11. a3 Nc6 12. Ng5 Nf5 13. Nf3 Bd7 14. Bd2 Qb6 15. Rb1 Rad8 16. Kh1 Be8 17. g4 Nfd4 18. Bd3 c4 19. Be2 Nxe2 20. Nxe2 d4 21. Ng3 Qa6 22. h4 c3 23. Bc1 d3 24. cxd3 Rxd3 25. Qe2 Nd4 26. Nxd4 Rxd4 27. Qxa6 bxa6 28. bxc3 Rd3 29. Ne2 Bc6+ 30. Kh2 Bxh4 31. Nd4 Bg3+ 32. Kg1 Bd5 33. a4 g5 34. f5 Bxe5 35. Bxg5 Rg3+ 36. Kf2 Rxg4 37. Rg1 Bxd4+ 38. cxd4 Rxf5+ 39. Ke3 Rfxg5 40. Rxg4 Rxg4 41. Rb8+ Kg7 42. Rd8 Rg3+ 43. Kf4 Ra3 44. Ke5 Rxa4 45. Rd7+ Kg6 46. Rxa7 Ra1 47. Kf4 a5 0-1


[Site "https://www.chess.com"]

[Event "Titled Tuesday Blitz March 22 Late 2022"]
[White "Buchenau, Frank"]
[Black "Zarubitski, Viachaslau"]
[WhiteFideId "4604350"]
[BlackFideId "13509373"]
[WhiteElo "2193"]
[BlackElo "2325"]
[Result "0-1"]
[Round "02"]
[TimeControl "180+1"]
[Date "2022.03.22"]
[WhiteClock "0:00:19"]
[BlackClock "0:00:08"]

1. e4 c5 2. Nf3 Nc6 3. Bb5 g6 4. Bxc6 bxc6 5. d4 Bg7 6. dxc5 Qa5+ 7. c3 Qxc5 8. O-O Nf6 9. e5 Nd5 10. Re1 O-O 11. Nbd2 Ba6 12. Ne4 Qa5 13. b4 Qb6 14. Be3 Nxe3 15. Rxe3 Rad8 16. Qb3 d6 17. e6 f5 18. Neg5 c5 19. bxc5 Qxc5 20. Rb1 Bc4 21. Qa4 Rb8 22. Ree1 Bxc3 23. Rec1 Rxb1 24. Rxb1 d5 25. Qd7 Bf6 26. h4 d4 27. Rc1 Qd5 28. Qxa7 d3 29. a4 Bb3 30. Qa6 d2 31. Nxd2 Qxd2 32. Rf1 Qc2 33. a5 Bc4 34. Qc6 Qe2 35. Rc1 Bb5 36. Qb6 Qd2 37. Rb1 Bd4 38. Qxb5 Qxf2+ 39. Kh2 Qxh4+ 40. Nh3 g5 41. Qd5 g4 42. Qxd4 g3+ 43. Kh1 Qxd4 0-1


[Site "https://www.chess.com"]

[Event "Titled Tuesday Blitz March 22 Late 2022"]
[White "Cappai, Davide"]
[Black "Martin Duque, Jesus"]
[WhiteFideId "813338"]
[BlackFideId "2208954"]
[WhiteElo "2295"]
[BlackElo "2243"]
[Result "1-0"]
[Round "02"]
[TimeControl "180+1"]
[Date "2022.03.22"]
[WhiteClock "0:00:58"]
[BlackClock "0:00:02"]

1. b3 b6 2. Bb2 Bb7 3. Nf3 Nf6 4. g3 g6 5. Bg2 Bg7 6. d3 O-O 7. c4 c5 8. Nc3 e6 9. O-O d5 10. cxd5 exd5 11. e3 Qe7 12. d4 Rd8 13. Rc1 Na6 14. Ba3 Ne4 15. Na4 Nb4 16. dxc5 Nxa2 17. Ra1 Nac3 18. cxb6 Qxa3 19. Rxa3 Nxd1 20. Rxd1 axb6 21. Nd4 Bxd4 22. Rxd4 b5 23. Rb4 bxa4 24. Rxb7 Nc5 25. Rb5 axb3 26. Rxa8 Rxa8 27. Bxd5 Ra1+ 28. Kg2 Rc1 29. Bxb3 Nxb3 30. Rxb3 h5 31. Rb6 Kg7 32. h4 Ra1 33. Kf3 Ra4 34. e4 Rc4 35. Kf4 Ra4 36. f3 Rc4 37. g4 hxg4 38. fxg4 Ra4 39. h5 gxh5 40. gxh5 Ra5 41. h6+ Kh7 42. Rf6 Ra1 43. Ke5 Ra5+ 44. Kd6 Ra7 45. e5 Rb7 46. Kd5 Ra7 47. Ke4 Rb7 48. Kf5 Ra7 49. Rd6 Rb7 50. Kf6 Ra7 51. Rd8 Rb7 52. Rf8 Rb6+ 53. Kxf7 Kxh6 54. e6 Rb1 55. e7 Rf1+ 56. Ke8 Rd1 57. Rf2 Kg7 58. Rg2+ Kf6 59. Kf8 Ra1 60. e8=Q 1-0


[Site "https://www.chess.com"]

[Event "Titled Tuesday Blitz March 22 Late 2022"]
[White "Cervantes Landeiro, Thalia"]
[Black "Jones, Gawain C B"]
[WhiteFideId "3520498"]
[BlackFideId "409561"]
[WhiteElo "2021"]
[BlackElo "2657"]
[Result "0-1"]
[Round "02"]
[TimeControl "180+1"]
[Date "2022.03.22"]
[WhiteClock "0:00:18"]
[BlackClock "0:02:15"]

1. d4 Nf6 2. c4 c5 3. d5 e5 4. Nc3 d6 5. e4 g6 6. Nf3 Bg7 7. Be2 O-O 8. O-O Kh8 9. Ne1 Nbd7 10. g3 Qe7 11. Ng2 Ng8 12. Qc2 f5 13. exf5 gxf5 14. Re1 a6 15. h4 Ndf6 16. Bd3 Qd7 17. Na4 f4 18. Nb6 Qh3 19. Nxc8 f3 20. Ne3 Ng4 21. Bf1 Qh2# 0-1


[Site "https://www.chess.com"]

[Event "Titled Tuesday Blitz March 22 Late 2022"]
[White "Chyngyz, Sultai"]
[Black "Urbina Perez, Juan Antonio"]
[WhiteFideId "13803158"]
[BlackFideId "2217368"]
[WhiteElo "1365"]
[BlackElo "2192"]
[Result "1-0"]
[Round "02"]
[TimeControl "180+1"]
[Date "2022.03.22"]
[WhiteClock "0:00:06"]
[BlackClock "0:00:27"]

1. e4 c5 2. Nf3 d6 3. d4 cxd4 4. Nxd4 Nf6 5. Nc3 a6 6. Be2 e5 7. Nb3 Be7 8. O-O O-O 9. Be3 Be6 10. f3 d5 11. exd5 Nxd5 12. Nxd5 Qxd5 13. Qxd5 Bxd5 14. Rad1 Be6 15. Na5 b5 16. f4 exf4 17. Bd4 Nd7 18. Bf3 Rac8 19. c3 Bc5 20. Bb7 Bxd4+ 21. Rxd4 Rb8 22. Rfxf4 Nc5 23. Bd5 Bxd5 24. Rxd5 Na4 25. Rd2 Rfd8 26. Rfd4 Rxd4 27. cxd4 Rd8 28. Nc6 Rd6 29. Rc2 g6 30. b3 Nb6 31. Kf2 Nd5 32. Rc5 Kg7 33. h3 Nf6 34. Ke3 Nd5+ 35. Ke4 Nf6+ 36. Kd3 h5 37. Nb8 Nd5 38. Ke4 Ne7 39. d5 Nf5 40. g4 hxg4 41. hxg4 Ng3+ 42. Ke5 Rd8 43. Nxa6 f6+ 44. Ke6 Re8+ 45. Kd7 Kf7 46. d6 Ne4 47. Rxb5 f5 48. gxf5 Nf6+ 49. Kc7 g5 50. Rb8 Re2 51. Nc5 Rc2 52. b4 g4 53. d7 Nxd7 54. Kxd7 g3 55. Rh8 Rd2+ 56. Kc6 g2 57. Rh7+ Kg8 58. Rh2 g1=Q 59. Rxd2 Qh1+ 60. Rd5 Qa1 61. b5 Qxa2 62. b6 Qe2 63. b7 Qe8+ 64. Rd7 Kh8 65. Ne6 1-0


[Site "https://www.chess.com"]

[Event "Titled Tuesday Blitz March 22 Late 2022"]
[White "Coelho, Ramyres Santana"]
[Black "Reprintsev, Alexander"]
[WhiteFideId "2120690"]
[BlackFideId "14100541"]
[WhiteElo "1888"]
[BlackElo "2108"]
[Result "0-1"]
[Round "02"]
[TimeControl "180+1"]
[Date "2022.03.22"]
[WhiteClock "0:00:59"]
[BlackClock "0:01:12"]

1. e4 d5 2. exd5 Qxd5 3. Nc3 Qa5 4. d4 Nf6 5. Bd2 Bg4 6. f3 Bd7 7. Ne4 Qb6 8. Nxf6+ gxf6 9. Bc3 Nc6 10. Bc4 Rg8 11. Qd2 O-O-O 12. O-O-O e5 13. Bxf7 Rg7 14. Bb3 exd4 15. Bxd4 Nxd4 16. Qxd4 Qxd4 17. Rxd4 Rxg2 18. f4 Bc5 19. Rd1 Bg4 20. Rxd8+ Kxd8 21. h3 Bh5 22. Bd5 Rxg1+ 23. Rxg1 Bxg1 24. Bxb7 Be3+ 25. Kb1 Bxf4 26. Be4 Bg6 27. Bg2 Ke7 28. b4 Be5 29. a4 Bc3 30. b5 Kd6 31. a5 Bxa5 32. h4 h5 33. Kc1 Be1 34. c4 Bxh4 35. Kb2 Kc5 36. Kc3 Be1+ 37. Kb3 h4 38. Bh3 Bd3 39. Be6 f5 40. Ka4 h3 41. b6 axb6 42. Bd5 Be4 43. Be6 h2 44. Bd7 h1=Q 0-1


[Site "https://www.chess.com"]

[Event "Titled Tuesday Blitz March 22 Late 2022"]
[White "Costachi, Mihnea"]
[Black "Ezat, Mohamed"]
[WhiteFideId "1217518"]
[BlackFideId "10600906"]
[WhiteElo "2464"]
[BlackElo "2386"]
[Result "1-0"]
[Round "02"]
[TimeControl "180+1"]
[Date "2022.03.22"]
[WhiteClock "0:00:37"]
[BlackClock "0:00:04"]

1. d4 Nf6 2. c4 g6 3. Nc3 Bg7 4. e4 d6 5. Be2 O-O 6. Bg5 c5 7. d5 b5 8. cxb5 a6 9. a4 Qa5 10. Bd2 Qb4 11. Qc2 Nbd7 12. Nf3 axb5 13. Bxb5 Ba6 14. O-O Bxb5 15. axb5 Nb6 16. e5 Ng4 17. exd6 exd6 18. Ra6 Nc4 19. Rfa1 Rxa6 20. bxa6 Ra8 21. Ra4 Qxb2 22. Qxb2 Nxb2 23. Rxg4 Rxa6 24. Re4 h6 25. h4 Nd3 26. Re8+ Kh7 27. Re7 Kg8 28. Nb5 Ra1+ 29. Ne1 Rd1 30. Ba5 c4 31. Kf1 Nxe1 32. Bxe1 Rxd5 33. Nc3 Rd3 34. Re8+ Kh7 35. Nb5 d5 36. Rd8 Bf6 37. Rd7 Kg7 38. g3 g5 39. h5 d4 40. Nd6 Rd1 41. Rxf7+ Kg8 42. Ke2 c3 43. Kxd1 Be5 44. Rd7 d3 45. Nf5 c2+ 46. Kc1 Kf8 47. Bb4+ Kg8 48. Nxh6+ Kh8 49. Nf7+ 1-0


[Site "https://www.chess.com"]

[Event "Titled Tuesday Blitz March 22 Late 2022"]
[White "Cramling Bellon, Anna"]
[Black "Koutlas, Nikolaos"]
[WhiteFideId "32009232"]
[BlackFideId "25827138"]
[WhiteElo "1905"]
[BlackElo "1610"]
[Result "0-1"]
[Round "02"]
[TimeControl "180+1"]
[Date "2022.03.22"]
[WhiteClock "0:00:02"]
[BlackClock "0:00:16"]

1. d4 Nf6 2. c4 g6 3. Nc3 Bg7 4. e4 d6 5. h3 e5 6. d5 O-O 7. Bg5 Na6 8. Nf3 h6 9. Be3 Nc5 10. Qc2 a5 11. Be2 Nh5 12. g3 f5 13. Nh4 f4 14. Bxc5 fxg3 15. Nxg6 dxc5 16. Bxh5 Rxf2 17. Be2 Qg5 18. Ne7+ Qxe7 19. O-O-O g2 20. Rhg1 Bxh3 21. Rd3 Rf1+ 22. Rd1 Qg5+ 23. Kb1 Raf8 24. Rdxf1 Rxf1+ 25. Bxf1 gxf1=Q+ 26. Rxf1 Bxf1 27. Qf2 Bd3+ 0-1


[Site "https://www.chess.com"]

[Event "Titled Tuesday Blitz March 22 Late 2022"]
[White "Cruz Mendez, Jean Marco"]
[Black "Gulecyuz, Deniz"]
[WhiteFideId "3526402"]
[BlackFideId "30921341"]
[WhiteElo "2064"]
[BlackElo "1923"]
[Result "0-1"]
[Round "02"]
[TimeControl "180+1"]
[Date "2022.03.22"]
[WhiteClock "0:00:01"]
[BlackClock "0:00:22"]

1. Nf3 Nf6 2. b3 d5 3. Bb2 c5 4. e3 e6 5. d4 Nc6 6. Nbd2 Bd6 7. Bd3 O-O 8. O-O Re8 9. Ne5 a6 10. f4 Nd7 11. Nxf7 Kxf7 12. Qh5+ Kf8 13. dxc5 Bxc5 14. Qxh7 Bxe3+ 15. Kh1 Nf6 16. Ba3+ Ne7 17. Qh3 Bxd2 18. Bg6 Qa5 19. Qh8+ Ng8 20. Bb2 Bc3 21. f5 exf5 22. Bxe8 Kxe8 23. Bxc3 Qxc3 24. Rae1 Kd8 25. Re2 Bd7 26. Qh4 Nf6 27. Rd1 Rc8 28. Qf4 Qc7 29. Qg5 Qd6 30. Qxg7 Ne4 31. Qd4 Kc7 32. c4 Nc6 33. Qe3 d4 34. Qf3 Rh8 35. g3 Nxg3+ 0-1


[Site "https://www.chess.com"]

[Event "Titled Tuesday Blitz March 22 Late 2022"]
[White "Daianu, Cristian-Clement"]
[Black "Jacobson, Aaron"]
[WhiteFideId "1208926"]
[BlackFideId "2089912"]
[WhiteElo "2159"]
[BlackElo "2265"]
[Result "0-1"]
[Round "02"]
[TimeControl "180+1"]
[Date "2022.03.22"]
[WhiteClock "0:00:05"]
[BlackClock "0:01:14"]

1. d4 d5 2. Nf3 c5 3. Bf4 cxd4 4. Nxd4 f6 5. Bg3 e5 6. Nb3 Nc6 7. Nc3 Be6 8. e3 Bb4 9. a3 Bxc3+ 10. bxc3 Nge7 11. Be2 O-O 12. O-O Qc7 13. Nc5 Bc8 14. e4 dxe4 15. Nxe4 Rd8 16. Qb1 Bf5 17. Qb3+ Kh8 18. Bd3 Na5 19. Qa4 Nd5 20. Rfe1 Bd7 21. Bb5 Bxb5 22. Qxb5 a6 23. Qe2 Nxc3 24. Nxc3 Qxc3 25. Qh5 Qxc2 26. Rac1 Qg6 27. Qh4 Nb3 28. Rc3 Nd4 29. h3 Rac8 30. Rxc8 Rxc8 31. Bh2 Nf3+ 0-1


[Site "https://www.chess.com"]

[Event "Titled Tuesday Blitz March 22 Late 2022"]
[White "Debray, Christopher"]
[Black "Sanchez, Robert"]
[WhiteFideId "630810"]
[BlackFideId "2034360"]
[WhiteElo "2393"]
[BlackElo "2244"]
[Result "0-1"]
[Round "02"]
[TimeControl "180+1"]
[Date "2022.03.22"]
[WhiteClock "0:00:01"]
[BlackClock "0:00:08"]

1. c4 e6 2. g3 d5 3. Bg2 Nf6 4. d4 Be7 5. Nf3 O-O 6. O-O c6 7. Qc2 Nbd7 8. Nbd2 c5 9. e4 cxd4 10. Nxd4 dxe4 11. Nxe4 Nxe4 12. Bxe4 Nf6 13. Rd1 Nxe4 14. Nxe6 Bxe6 15. Rxd8 Raxd8 16. Qxe4 Rd1+ 17. Kg2 Bf6 18. Rb1 Re8 19. Qc2 Rd4 20. b3 g6 21. Bb2 Bf5 22. Qc1 Re2 23. Bxd4 Bxd4 24. g4 Be4+ 25. Kg3 Rxf2 26. Qd1 Bc5 27. Qd8+ Kg7 0-1


[Site "https://www.chess.com"]

[Event "Titled Tuesday Blitz March 22 Late 2022"]
[White "Degtiarev, Evgeny"]
[Black "Perera Alfonso, Rene Humberto"]
[WhiteFideId "4149610"]
[BlackFideId "3514722"]
[WhiteElo "2218"]
[BlackElo "2313"]
[Result "0-1"]
[Round "02"]
[TimeControl "180+1"]
[Date "2022.03.22"]
[WhiteClock "0:00:03"]
[BlackClock "0:00:34"]

1. d4 d5 2. c4 c6 3. Nc3 Nf6 4. e3 e6 5. Nf3 Nbd7 6. Qc2 Bd6 7. Be2 O-O 8. O-O dxc4 9. Bxc4 b5 10. Bd3 Bb7 11. Rd1 a6 12. e4 e5 13. Ne2 Qb8 14. dxe5 Nxe5 15. Nxe5 Bxe5 16. f4 Bc7 17. h3 Nh5 18. e5 g6 19. Be3 Re8 20. Bd4 c5 21. Qxc5 Rc8 22. Rac1 Ng7 23. Qe7 Ne6 24. Be3 Bd8 25. Qe8+ Kg7 26. Rxc8 Qxc8 27. f5 Bg5 28. f6+ Kh6 29. Bxg5+ Nxg5 30. Qxc8 Rxc8 31. Nf4 Re8 32. h4 Ne6 33. Nh3 Nc5 34. g4 Rxe5 35. g5+ Kh5 36. Bf1 Kxh4 37. b4 Ne4 38. Rd7 Bd5 39. Nf4 Bxa2 40. Rd3 Kxg5 41. Nh3+ Kxf6 42. Ra3 Bc4 43. Rxa6+ Kf5 44. Bg2 h5 45. Ra7 f6 46. Rg7 g5 47. Rh7 h4 48. Kh2 Ng3 49. Ng1 Bf1 50. Rh6 Bxg2 51. Kxg2 Re4 52. Nf3 Rxb4 0-1


[Site "https://www.chess.com"]